 Dungeon Crawl Stone Soup version 0.31-a0-675-g238779eb0a (webtiles) character file.

Game seed: 13679002757921352214

351 qw the Shooter (level 6, -19/38 HPs)
             Began as a Gargoyle Hunter on Sept 5, 2023.
             Demolished by Edmund
             ... wielding a +5 heavy dire flail
              (22 damage)
             ... on level 4 of the Dungeon.
             The game lasted 00:00:47 (2223 turns).

qw the Shooter (Gargoyle Hunter)                    Turns: 2223, Time: 00:00:48

Health: -19/38     AC: 10    Str: 13 (15) XL:     6   Next: 61%
Magic:  6/6        EV: 10    Int:  7 (9)  God:
Gold:   189        SH:  0    Dex: 14 (15) Spells: 5/5 levels left

rFire   . . .        Y - +1 shortbow (elec)
rCold   . . .        (shield currently unavailable)
rNeg    + . .        b - +0 ring mail
rPois   inf          f - +0 helmet
rElec   +            (no cloak)
rCorr   .            (no gloves)
SInv    .            (no boots)
Will    .....        (no amulet)
Stlth   +            (no ring)
HPRegen 0.26/turn    (no ring)
MPRegen 0.10/turn

%: clarity
@: no status effects
A: sickness immunity, AC +4, negative energy resistance 1, electricity
resistance, torment resistance 1, petrification resistance, clarity, mutation
resistance 1
a: no special abilities


You were on level 4 of the Dungeon.
You visited 1 branch of the dungeon, and saw 4 of its levels.

You collected 189 gold pieces.


Innate Abilities, Weirdness & Mutations

You are immune to sickness and miasma.
Your stone body is resilient. (AC +4)
You are immune to poison.
You resist negative energy. (rN+)
You are resistant to electric shocks. (rElec)
You are resistant to unholy torment.
You are immune to petrification.
You possess an exceptional clarity of mind.
You are somewhat resistant to further mutation.


   Skills:
 - Level 4.1 Fighting
 + Level 6.8 Ranged Weapons
 - Level 1.1 Armour
 - Level 1.5 Dodging
 - Level 1.1 Stealth


You had 5 spell levels left.
You didn't know any spells.
Your spell library was empty.

Inventory:

Hand Weapons
 Y - a +1 shortbow of electrocution (weapon)
Armour
 b - a +0 ring mail (worn)
 f - a +0 helmet (worn)
Scrolls
 a - a scroll of identify
 c - a scroll of vulnerability {unknown}
Potions
 d - a potion of curing {unknown}
 e - a potion of enlightenment {unknown}
 h - a potion of cancellation {unknown}
 i - a potion of invisibility {unknown}

Dungeon Overview and Level Annotations

Branches:
Dungeon (4/15)
 Temple: D:4-7

Altars:
Sif Muna

Annotations:
D:4 Edmund


Message History

The puff of flame hits you but does no damage.
Enter note:
Enter note:
Enter note:
Enter note:
Enter note:
Enter note: Edmund zaps a wand.
The puff of flame hits you.
Enter note:
Enter note:
Enter note:
Enter note:
Enter note:
Enter note: You shoot an arrow.
The arrow hits the gnoll.
The gnoll is severely wounded.
Enter note:
Enter note:
Enter note: You shoot an arrow.
The arrow barely misses the gnoll.
Edmund zaps a wand.
The puff of flame hits you! The gnoll barely misses you.
You shoot an arrow. The arrow barely misses the gnoll.
The gnoll hits you but does no damage.
The orc priest mumbles some strange prayers to Beogh against you.
Beogh smites you!
You hear a shout!
You shoot an arrow. The arrow closely misses the gnoll.
The gnoll closely misses you.
You shoot an arrow. The arrow closely misses the gnoll.
An orc comes into view.
It is wielding a +2 flail of holy wrath.
The gnoll hits you but does no damage.
You shoot an arrow. The arrow hits the gnoll.
The gnoll is almost dead.
The gnoll hits you from afar with a +0 spear! x2
You shoot an arrow.
The arrow hits Edmund but does no damage.
Edmund hits you with a +5 heavy dire flail!!
Ouch! That really hurt!
You die...
Edmund says, "I'd like to see a scythe do that!"

........................#
........................######
............................).
.............................o
'####.........................
....#................o........
....#.............g...........
....'............o.o.........$
##..#...........@@..o.........
##..##+###................####
#.... +................#
#..... #................#
#...... #................#
#...... #................ #...
#............... #
#.............. # #........


You could see Edmund, an orc priest, a gnoll and 3 orcs.

Vanquished Creatures
  Sigmund (D:2)
  A scorpion (D:4)
  5 adders (D:2)
  3 gnolls
  6 bats
  7 endoplasms
  2 giant cockroaches
  A goblin (D:2)
  3 hobgoblins
  2 jackals (D:4)
  2 kobolds (D:1)
  A quokka (D:2)
  4 ball pythons
  4 frilled lizards
  6 rats
48 creatures vanquished.

Notes
Turn   | Place    | Note
-------+----------+-------------------------------------------
     0 | D:1      | qw the Gargoyle Hunter began the quest for the Orb.
     0 | D:1      | Reached XP level 1. HP: 12/12 MP: 1/1
     0 | D:1      | 0 ||| qw: Version: 0.3-a-75-g829b12e
     0 | D:1      | 0 ||| qw: Game counter: 70
     0 | D:1      | 0 ||| qw: Melee chars always use a shield: true
     0 | D:1      | 0 ||| qw: God list: Okawaru
     0 | D:1      | 0 ||| qw: Allow faded altars: false
     0 | D:1      | 0 ||| qw: Do Orc after clearing Dungeon:15 true
     0 | D:1      | 0 ||| qw: Do second Lair branch before Depths: true
     0 | D:1      | 0 ||| qw: Lair rune preference: random
     0 | D:1      | 0 ||| qw: Goals: Normal
     0 | D:1      | 0 ||| PLANNING D:1-11
   273 | D:1      | Reached XP level 2. HP: 17/17 MP: 2/2
   454 | D:1      | Reached skill level 5 in Ranged Weapons
   454 | D:1      | Reached XP level 3. HP: 15/21 MP: 3/3
   694 | D:1      | 694 ||| UPGRADING to +0 helmet.
   699 | D:1      | 699 ||| READING 2 scrolls labelled ACKEIW AREAMMO.
   700 | D:1      | 700 ||| DROPPING scroll of butterflies.
   899 | D:2      | Reached skill level 3 in Fighting
   899 | D:2      | Reached XP level 4. HP: 28/28 MP: 4/4
  1026 | D:2      | Noticed Sigmund
  1032 | D:2      | Killed Sigmund
  1033 | D:2      | Reached skill level 6 in Ranged Weapons
  1033 | D:2      | Reached XP level 5. HP: 32/32 MP: 5/5
  1033 | D:2      | Reached XP level 6. HP: 37/37 MP: 6/6
  1092 | D:2      | Reached skill level 1 in Armour
  1249 | D:2      | 1249 ||| UPGRADING to +0 ring mail.
  1259 | D:2      | 1259 ||| DROPPING +0 leather armour.
  1260 | D:2      | 1260 ||| READING scroll labelled VUFFIM QOIPSU.
  1261 | D:2      | 1261 ||| READING scroll labelled PEJOONE UNGA.
  1262 | D:2      | 1262 ||| READING scroll labelled UGAUSSOF WERPH.
  1266 | D:2      | 1266 ||| READING scroll labelled XAESE TAMOLL.
  1557 | D:3      | Found a shimmering blue altar of Sif Muna.
  1579 | D:3      | Found a faded altar of an unknown god.
  2001 | D:3      | 2001 ||| READING scroll labelled TOUKKU MYOMI.
  2002 | D:3      | 2002 ||| DRINKING 2 lumpy purple potions.
  2002 | D:3      | Gained mutation: Potions are less effective at restoring
                  | your health. [potion of mutation]
  2002 | D:3      | Gained mutation: You are occasionally teleported next to
                  | monsters. [potion of mutation]
  2002 | D:3      | Gained mutation: Your spells are a little harder to cast,
                  | but a little more powerful. [potion of mutation]
  2002 | D:3      | Gained mutation: You possess an exceptional clarity of
                  | mind. [potion of mutation]
  2003 | D:3      | 2003 ||| DRINKING potion of mutation.
  2003 | D:3      | Lost mutation: Your spells are a little harder to cast, but
                  | a little more powerful. [potion of mutation]
  2003 | D:3      | Lost mutation: You are occasionally teleported next to
                  | monsters. [potion of mutation]
  2003 | D:3      | Lost mutation: Potions are less effective at restoring your
                  | health. [potion of mutation]
  2003 | D:3      | Gained mutation: You are somewhat resistant to further
                  | mutation. [potion of mutation]
  2004 | D:3      | 2004 ||| DRINKING 2 black potions.
  2005 | D:3      | 2005 ||| DRINKING 2 lumpy clear potions.
  2006 | D:3      | 2006 ||| DROPPING potion of attraction.
  2007 | D:3      | 2007 ||| DROPPING potion of degeneration.
  2163 | D:4      | 2163 ||| READING scroll of brand weapon.
  2163 | D:4      | 2163 ||| BRANDING +1 shortbow of draining.
  2210 | D:4      | Noticed Edmund
  2211 | D:4      | 2211 ||| RETREATING.
  2222 | D:4      | HP: 9/38 [gnoll/+0 spear (8)]
  2222 | D:4      | HP: 2/38 [gnoll/+0 spear (7)]
  2223 | D:4      | Demolished by Edmund

Levels and vault maps discovered:
D:1:      sevenhm_arrival_forest_fort_small_4, layout_loops_ring
D:2:      layout_basic, uniq_sigmund
D:3:      layout_basic, nicolae_sif_muna_condensation,
          shapermc_ecumenical_altar_pompeii, minivault_19, minivault_11
D:4:      layout_gridville, minmay_fire_ice_demons, uniq_edmund

Skill      XL: |  1  2  3  4  5  6 |
---------------+-------------------+-----
Ranged Weapons | 5 6 |  6.8
Fighting       | 3 4 |  4.1
Armour         | 1 |  1.1
Dodging        | |  1.5
Stealth        | |  1.1

Action                     |  1- 3 |  4- 6 || total
---------------------------+-------+-------++-------
   Fire: Shortbow          |    86 |    72 ||   158
    Use: Scroll            |     1 |     6 ||     7
         Potion            |       |     4 ||     4
 Armour: Leather armour    |    27 |    11 ||    38
         Ring mail         |       |     9 ||     9
  Dodge: Dodged            |    23 |    16 ||    39

Table legend:
 A = Non-vault XP
 B = Vault XP
 C = Vault XP percentage of total XP
 D = Non-vault monster count
 E = Vault monster count
 F = Vault count percentage of total count
                 A         B        C        D         E       F
            +---------+---------+-------+---------+---------+-------
      Total |     259 |     243 |  48.4 |      47 |       1 |   2.1
            +---------+---------+-------+---------+---------+-------
        D:1 |      46 |       0 |   0.0 |      14 |       0 |   0.0
        D:2 |      92 |     243 |  72.5 |      20 |       1 |   4.8
        D:3 |      10 |       0 |   0.0 |       6 |       0 |   0.0
        D:4 |     111 |       0 |   0.0 |       7 |       0 |   0.0
            +---------+---------+-------+---------+---------+-------
